 Dungeon Sprint DCSS version 0.27-a0-1137-g3ef0f4ec91 (webtiles) character file.

Game seed: 12893183616486666216

739 mhtbhm the Thaumaturge (level 7, -2/36 HPs)
             Began as a Deep Elf Earth Elementalist on May 7, 2021.
             Was the Champion of Vehumet.
             Killed from afar by an orc sorcerer (22 damage)
             ... with a bolt of fire
             ... in the Dungeon (Sprint VII: "The Pits").
             The game lasted 00:03:56 (1508 turns).

mhtbhm the Thaumaturge (DEEE)                       Turns: 1508, Time: 00:03:56

Health: -2/36      AC:  2    Str:  5    XL:     7   Next: 46%
Magic:  25/25      EV: 14    Int: 22    God:    Vehumet [******]
Gold:   0          SH:  0    Dex: 15    Spells: 17/32 levels left

rFire    . . .     SeeInvis .   l - +2 dagger (venom)
rCold    . . .     Faith    .   (no shield)
rNeg     . . .     Spirit   .   c - +0 robe
rPois    .         Reflect  .   (no helmet)
rElec    .         Harm     .   (no cloak)
rCorr    .         Rampage  .   (no gloves)
Will     .....     NoTele   +   (no boots)
Stlth    +++.......             (no amulet)
HPRegen  0.12/turn              (no ring)
MPRegen  0.19/turn              (no ring)

@: no status effects
A: no striking features
a: Renounce Religion


You were in the Dungeon.
You worshipped Vehumet.
Vehumet was exalted by your worship.
You visited 1 branch

Inventory:

Hand Weapons
 l - a +2 dagger of venom (weapon)
Missiles
 b - 17 stones
Armour
 c - a +0 robe (worn)
Scrolls
 i - a scroll of blinking
 j - 5 scrolls of amnesia
Potions
 a - 2 potions of invisibility
 d - 6 potions of curing
 e - 6 potions of heal wounds
 f - a potion of haste
 g - 4 potions of magic
 h - 3 potions of berserk rage


   Skills:
 + Level 5.2 Dodging
 + Level 5.3 Stealth
 + Level 0.8 Unarmed Combat
 + Level 13.1 Spellcasting
 + Level 2.0 Conjurations
 + Level 1.4 Transmutations
 + Level 12.6 Earth Magic


You had 17 spell levels left.
You knew the following spells:

 Your Spells              Type           Power      Damage    Failure   Level
a - Sandblast             Erth           100%       2d20      1%          1
b - Passwall              Tmut/Erth      37%        N/A       1%          2
c - Stone Arrow           Conj/Erth      92%        3d12      1%          3
d - Lee's Rapid Deconstr  Erth           31%        3d17*     1%          5
e - Petrify               Tmut/Erth      45%        N/A       2%          4

Your spell library contained the following spells:

 Spells                   Type           Power      Damage    Failure   Level
 Bolt of Magma            Conj/Fire/Erth 17%        4d9       4%          5


Dungeon Overview and Level Annotations

Branches:
Dungeon (1/1)

Altars:
Ashenzari
Cheibriados
Dithmenos
Elyvilon
Fedhas
Gozag
Hepliaklqana
Kikubaaqudgha
Makhleb
Nemelex Xobeh
Okawaru
Qazlal
Ru
Sif Muna
Trog
Uskayaw
Vehumet
Wu Jian
Xom
Yredelemnul
Zin
The Shining One
Beogh
Jiyva
Lugonu


Message History

Vehumet accepts your kill.
Your Spellcasting skill increases to level 13!
Your Conjurations skill increases to level 2!
Unknown command.
Casting: Stone Arrow (safe; 1% risk of failure)
Confirm with . or Enter, or press ? or * to list all spells.
Aiming: Stone Arrow (safe; 1% risk of failure)
Press: ? - help, Shift-Dir - straight line, f - orc
Aim: an orc, wielding a +0 mace and wearing a +0 scale mail (79% to hit)
The stone arrow hits the orc!!
You kill the orc!
Vehumet accepts your kill.
Unknown command.
You start resting.
You start resting.
Magic restored.
There is an open door here.
Items here: )) [[ ††.
Okay, then.
Items here: )) [[ †.
Items here: )) [[ ††.
There is an open door here.
This spell is dangerous to cast!
Memorise Petrify, consuming 4 spell levels and leaving 17?
You start memorising the spell.
You continue memorising. x4
You finish memorising.
Spell assigned to 'e'.
Unknown command.
Okay, then.
You open the door.
A goblin, an orc sorcerer and a cyclops come into view.
The orc sorcerer shouts!
The cyclops throws a large rock.
The large rock hits you!
Unknown command.
Unknown command.
The orc sorcerer casts a spell at you.
The bolt of fire hits the goblin!
The goblin dies!
The bolt of fire hits you!!
Ouch! That really hurt!
You die...

#.#........##.......#
#)#........##.......#
#'###########.......#
#..).)..#..##########
#.###...#)# ####
#.#.....#)#....#
#.#...#.#'#....#
#.....#.#.').o.+
#...###.#@#....#
#.......).# .C.#
########### ###


You could see an orc sorcerer.

Vanquished Creatures
  A shadow (D)
  An orc warrior (D)
  5 wights (D)
  A quasit (D)
  2 gnoll shamans (D)
  A jelly (D)
  2 orc wizards (D)
  8 gnolls (D)
  2 adders (D)
  An adder zombie (D)
  2 orcs (D)
  A bat (D)
  An endoplasm (D)
  A giant cockroach (D)
  A hobgoblin (D)
  A quokka (D)
  2 goblins (D)
  A rat (D)
34 creatures vanquished.

Vanquished Creatures (others)
  A goblin (D)
1 creature vanquished.

Grand Total: 35 creatures vanquished

Notes
Turn   | Place    | Note
-------+----------+-------------------------------------------
     0 | D        | mhtbhm the Deep Elf Earth Elementalist began the quest for
                  | the Orb.
     0 | D        | Reached XP level 1. HP: 10/10 MP: 6/6
    16 | D        | Reached XP level 2. HP: 12/15 MP: 5/8
   226 | D        | Found a bloodstained altar of Trog.
   226 | D        | Found a shimmering blue altar of Sif Muna.
   226 | D        | Found a viscous altar of Jiyva.
   226 | D        | Found a hazy altar of Hepliaklqana.
   226 | D        | Found an opulent altar of Gozag.
   227 | D        | Found a glowing golden altar of the Shining One.
   227 | D        | Found a glowing silver altar of Zin.
   227 | D        | Found a basalt altar of Yredelemnul.
   227 | D        | Found a shimmering altar of Xom.
   227 | D        | Found an ornate altar of the Wu Jian Council.
   227 | D        | Found a sacrificial altar of Ru.
   227 | D        | Found a stormy altar of Qazlal.
   227 | D        | Found an iron altar of Okawaru.
   227 | D        | Found a sparkling altar of Nemelex Xobeh.
   227 | D        | Found a burning altar of Makhleb.
   227 | D        | Found a blossoming altar of Fedhas.
   227 | D        | Found a white marble altar of Elyvilon.
   227 | D        | Found a shadowy altar of Dithmenos.
   227 | D        | Found a snail-covered altar of Cheibriados.
   229 | D        | Found a radiant altar of Vehumet.
   229 | D        | Found a corrupted altar of Lugonu.
   230 | D        | Found a hide-covered altar of Uskayaw.
   230 | D        | Found an ancient bone altar of Kikubaaqudgha.
   230 | D        | Found a broken altar of Ashenzari.
   237 | D        | Became a worshipper of Vehumet
   282 | D        | Reached skill level 4 in Spellcasting
   282 | D        | Reached skill level 5 in Earth Magic
   415 | D        | Learned a level 2 spell: Passwall
   418 | D        | Reached * piety under Vehumet
   418 | D        | Offered knowledge of Shock by Vehumet.
   446 | D        | Reached ** piety under Vehumet
   449 | D        | Reached XP level 3. HP: 19/19 MP: 8/10
   460 | D        | Reached skill level 5 in Spellcasting
   596 | D        | Learned a level 3 spell: Stone Arrow
   672 | D        | Offered knowledge of Searing Ray by Vehumet.
   672 | D        | Reached *** piety under Vehumet
   673 | D        | Reached skill level 6 in Spellcasting
   673 | D        | Reached XP level 4. HP: 24/24 MP: 4/14
   675 | D        | Reached skill level 7 in Spellcasting
   675 | D        | Reached XP level 5. HP: 28/28 MP: 1/16
   794 | D        | Reached **** piety under Vehumet
   804 | D        | Learned a level 5 spell: Lee's Rapid Deconstruction
   809 | D        | Reached skill level 5 in Dodging
   809 | D        | Reached skill level 5 in Stealth
   809 | D        | Reached skill level 8 in Spellcasting
   905 | D        | Offered knowledge of Poisonous Vapours by Vehumet.
   905 | D        | Reached ***** piety under Vehumet
   906 | D        | Reached skill level 9 in Spellcasting
   906 | D        | Reached skill level 10 in Earth Magic
   906 | D        | Reached XP level 6. HP: 32/32 MP: 10/20
   949 | D        | Reached skill level 10 in Spellcasting
  1003 | D        | Reached skill level 11 in Spellcasting
  1020 | D        | Reached skill level 1 in Conjurations
  1145 | D        | Offered knowledge of Olgreb's Toxic Radiance by Vehumet.
  1350 | D        | Noticed a shadow
  1353 | D        | Killed a shadow
  1353 | D        | Offered knowledge of Bolt of Magma by Vehumet.
  1353 | D        | Reached ****** piety under Vehumet
  1354 | D        | Reached skill level 12 in Spellcasting
  1354 | D        | Reached XP level 7. HP: 36/36 MP: 15/24
  1407 | D        | Reached skill level 13 in Spellcasting
  1507 | D        | Learned a level 4 spell: Petrify
  1507 | D        | Noticed an orc sorcerer
  1507 | D        | Noticed a cyclops
  1508 | D        | Killed from afar by an orc sorcerer

Illustrated notes

Levels and vault maps discovered:
D:        pitsprint [storerooms_1, entrance_room_1, metal_vault_1, armoury_1,
          mini_pit_1, grid_room_1, main_hall_1, silver_pit, the_coven_2,
          the_vestibule_1, steel_vault_4, golden_pit, hallway_of_sentries,
          crystal_vault_6, iron_vault_4, final_vault]

Skill      XL: |  1  2  3  4  5  6  7 |
---------------+----------------------+-----
Earth Magic    | 4 6 7 8 10 12 | 12.6
Dodging        | 3 4 5 |  5.2
Spellcasting   | 4 6 7 9 12 13 | 13.1
Stealth        | 3 4 5 |  5.3
Conjurations   | 1 2 |  2.0
Unarmed Combat | |  0.8
Transmutations | |  1.4

Action                   |  1- 3 |  4- 6 |  7- 9 || total
-------------------------+-------+-------+-------++-------
Melee: Unarmed           |     2 |       |       ||     2
       Dagger            |     7 |       |       ||     7
 Cast: Sandblast         |    12 |    11 |       ||    23
       Stone Arrow       |     1 |     5 |     6 ||    12
       Lee's Rapid Decon |       |     9 |       ||     9
  Use: Scroll            |       |     1 |       ||     1
Dodge: Dodged            |    10 |     2 |     2 ||    14

Table legend: (Time is in decaauts)
 A = Elapsed time spent in this place.
 B = Non-inter-level travel time spent in this place.
 C = Inter-level travel time spent in this place.
 D = Time resting spent in this place.
 E = Time spent auto-exploring this place.
 F = Levels seen in this place.
 G = Mean time per level.
                   A        B        C        D        E       F      G
               +--------+--------+--------+--------+--------+-----+--------+
         Total |   1507 |   1507 |      0 |   1182 |     33 |   1 | 1507.0 |
       Dungeon |   1507 |   1507 |      0 |   1182 |     33 |   1 | 1507.0 |
               +--------+--------+--------+--------+--------+-----+--------+

Top non-repeatable levels by time:
       D: 1507 daAuts
